 Dungeon Crawl Stone Soup version 0.27-a0-1065-ge809cff456 (webtiles) character file.

Game seed: 12996098007134060719

112 leviel the Skirmisher (level 4, -5/42 HPs)
             Began as a Minotaur Fighter on Apr 23, 2021.
             Slain by a wyvern skeleton (11 damage)
             ... on level 3 of the Dungeon.
             The game lasted 00:02:57 (2437 turns).

leviel the Skirmisher (Minotaur Fighter)            Turns: 2437, Time: 00:02:58

Health: -5/42      AC:  7    Str: 22    XL:     4   Next: 63%
Magic:  3/3        EV:  7    Int:  5    God:
Gold:   198        SH:  9    Dex:  9    Spells: 3/3 levels left

rFire    . . .     SeeInvis .   a - +0 long sword
rCold    . . .     Faith    .   c - +0 kite shield
rNeg     . . .     Spirit   .   b - +0 scale mail
rPois    .         Reflect  .   (helmet restricted)
rElec    .         Harm     .   (no cloak)
rCorr    .         Rampage  .   (no gloves)
Will     .....                  (no boots)
Stlth    ..........             (no amulet)
HPRegen  0.14/turn              (no ring)
MPRegen  0.08/turn              (no ring)

@: mighty
A: horns 2, retaliatory headbutt
a: no special abilities


You were on level 3 of the Dungeon.
You visited 1 branch of the dungeon, and saw 3 of its levels.

You collected 198 gold pieces.

Inventory:

Hand Weapons
 a - a +0 long sword (weapon)
Armour
 b - a +0 scale mail (worn)
 c - a +0 kite shield (worn)
Scrolls
 e - a scroll of immolation
 f - a scroll of identify
 h - a scroll of holy word {unknown}
 i - a scroll of vulnerability {unknown}
Potions
 d - 2 potions of might
 g - a potion of lignification {unknown}
 j - a potion of berserk rage {unknown}


   Skills:
 + Level 5.0 Fighting
 + Level 4.2 Long Blades
 - Level 3.7 Armour
 - Level 4.1 Shields


You had 3 spell levels left.
You didn't know any spells.
Your spell library contained the following spells:

 Spells                   Type           Power      Damage    Failure   Level
 Animate Skeleton         Necr           0%         N/A       99%         1
 Apportation              Tloc           0%         N/A       99%         1
 Corona                   Hex            0%         N/A       99%         1
 Summon Small Mammal      Summ           0%         N/A       99%         1
 Ensorcelled Hibernation  Hex/Ice        0%         N/A       100%        2
 Confusing Touch          Hex            0%         N/A       100%        3
 Dazzling Flash           Conj/Hex       0%         N/A       100%        3
 Tukima's Dance           Hex            0%         N/A       100%        3


Dungeon Overview and Level Annotations

Branches:
Dungeon (3/15)

Altars:
Uskayaw

Shops:
D:1 (

Annotations:
D:3 1 transporter, Splishie's ghost, weakling GnWn


Innate Abilities, Weirdness & Mutations

You have a pair of horns on your head.
You reflexively headbutt those who attack you in melee.


Message History

You slash the centaur skeleton! You headbutt the centaur skeleton.
The centaur skeleton is heavily damaged.
The centaur skeleton hits you.
The centaur skeleton kicks you but does no damage.
The wyvern skeleton bites you!
The centaur skeleton hits you but does no damage.
The centaur skeleton barely misses you.
You slash the centaur skeleton!
The centaur skeleton is almost destroyed.
You block the wyvern skeleton's attack. The wyvern skeleton bites you.
You hit the wight.
The wight is lightly damaged.
You block the wyvern skeleton's attack. You block the wight's attack.
The wyvern skeleton bites you.
You slash the wight! You headbutt the wight.
You destroy the wight!
The wyvern skeleton barely misses you. You furiously retaliate!
You headbutt the wyvern skeleton! The bullfrog skeleton hits you.
You block the wyvern skeleton's attack.
Splishie's ghost shrieks, "You will join me soon!"
Your Fighting skill increases to level 5!
Your Long Blades skill increases to level 4!
You have reached level 4!
You feel stronger. The wyvern skeleton bites you.
The bullfrog skeleton hits you but does no damage.
The wyvern skeleton bites you.
* * * LOW HITPOINT WARNING * * *
You block the wyvern skeleton's attack.
You see here a metallic red potion.
j - a metallic red potion The bullfrog skeleton barely misses you.
The wyvern skeleton bites you.
* * * LOW HITPOINT WARNING * * *
As you read the scroll labelled MUECZA ICAN, it crumbles to dust.
It is a scroll of identify.
e - a scroll of immolation The bullfrog skeleton hits you but does no damage.
The wyvern skeleton bites you!
You die...

# .##.#. #.. ####.#...<
#.# .......... # #.#
.........# #.##.#####
........# .......#
##.#.###########.###.###
#.#.# #...............#
##.#.# #.#############.#
.....# #.#©.....@....#.#
##...###.#....ZZZ....#.#
#.......#..###.###..#.#
#.....#.#..#8#W#8#..#.##
##.......#$....Z...W.#..##
.†......©#(....©.....#©..#
.........#..........?#...#
##.....#.#..#8#.#8#..#...#
########.#..###.###..#..##


You could see Splishie's ghost, a wyvern zombie, a bullfrog skeleton, a wyvern
skeleton and a centaur skeleton.

Vanquished Creatures
  A wight (D:3)
  An adder (D:2)
  A worm (D:2)
  9 ball pythons
  4 bats
  An endoplasm (D:3)
  2 giant cockroaches
  3 goblins (D:1)
  3 hobgoblins
  11 jackals
  3 kobolds
  2 quokkas
  A frilled lizard (D:1)
  6 rats
48 creatures vanquished.

Notes
Turn   | Place    | Note
-------+----------+-------------------------------------------
     0 | D:1      | leviel the Minotaur Fighter began the quest for the Orb.
     0 | D:1      | Reached XP level 1. HP: 19/19 MP: 0/0
     9 | D:1      | Noticed an ogre
   290 | D:1      | Reached XP level 2. HP: 27/27 MP: 1/1
   573 | D:1      | Found a faded altar of an unknown god.
   747 | D:1      | Found Fuprom's Antique Weapon Shop.
   747 | D:1      | You fall into a shaft and drop 1 floor!
   793 | D:2      | Reached skill level 4 in Fighting
   878 | D:2      | Reached XP level 3. HP: 27/33 MP: 2/2
  1326 | D:2      | Found a hide-covered altar of Uskayaw.
  2193 | D:3      | Found a hide-covered altar of Uskayaw.
  2327 | D:3      | Found a transporter.
  2350 | D:3      | Found a transporter.
  2351 | D:3      | Noticed Splishie's ghost (weakling GnWn)
  2434 | D:3      | Reached skill level 5 in Fighting
  2434 | D:3      | Reached XP level 4. HP: 17/42 MP: 3/3
  2437 | D:3      | Slain by a wyvern skeleton

Illustrated notes

Levels and vault maps discovered:
D:1:      evilmike_arrival_come_back, layout_basic, serial_glass,
          glass_columns_a, glass_columns_b, serial_shops,
          nicolae_shop_overgrown_old_shop, basic_ecumenical_altar
D:2:      layout_loops_ring, basic_altar
D:3:      layout_loops_ring, amcnicky_altar_gilded, gammafunk_ghost_mausoleum

Skill      XL: |  1  2  3 |
---------------+----------+-----
Shields        | 4 |  4.1
Fighting       | 4 5 |  5.0
Long Blades    | 3 4 |  4.2
Armour         | |  3.7

Action                   |  1- 3 |  4- 6 || total
-------------------------+-------+-------++-------
Melee: Long sword        |   100 |       ||   100
       Headbutt          |    17 |       ||    17
  Use: Potion            |     1 |       ||     1
       Scroll            |       |     1 ||     1
Armor: Scale mail        |    46 |     2 ||    48
Dodge: Dodged            |    29 |     1 ||    30
Block: Kite shield       |    59 |     1 ||    60
       Rpst.: Long sword |     8 |       ||     8

Table legend: (Time is in decaauts)
 A = Elapsed time spent in this place.
 B = Non-inter-level travel time spent in this place.
 C = Inter-level travel time spent in this place.
 D = Time resting spent in this place.
 E = Time spent auto-exploring this place.
 F = Levels seen in this place.
 G = Mean time per level.
                   A        B        C        D        E       F      G
               +--------+--------+--------+--------+--------+-----+--------+
         Total |   2484 |   2391 |     93 |      0 |   2030 |   3 |  828.0 |
       Dungeon |   2484 |   2391 |     93 |      0 |   2030 |   3 |  828.0 |
               +--------+--------+--------+--------+--------+-----+--------+

Top non-repeatable levels by time:
     D:1: 1125 daAuts
     D:2: 844 daAuts
     D:3: 514 daAuts
